 Dungeon Crawl Stone Soup version 0.25-a0-424-g80bd347ae0 (webtiles) character file.

Game seed: 8438023749282377013, levelgen mode: deterministic

270833 EWolf27 the Warrior (level 20, -3/95 HPs)
             Began as a Gargoyle Fighter on Dec 24, 2019.
             Was the Champion of Makhleb.
             Slain by a large abomination (11 damage)
             ... on level 3 of the Abyss on Jan 20, 2020.
             The game lasted 05:01:44 (50148 turns).

EWolf27 the Warrior (Gargoyle Fighter)             Turns: 50148, Time: 05:01:47

Health: -3/95      AC: 41    Str: 23 (24) XL:     20   Next: 22%
Magic:  0/30       EV:  7    Int:  3 (6)  God:    Makhleb [******]
Gold:   2459       SH: 13    Dex:  6 (8)  Spells: 17/19 levels left

rFire    + + +     SeeInvis .   b - +1 morningstar of Wixutist {venom, +Inv rF++}
rCold    + . .     Gourm    .   c - +0 shield
rNeg     + . .     Faith    .   W - +0 crystal plate armour
rPois    ∞         Spirit   +   U - +0 helmet
rElec    +         Reflect  .   H - scarf {rC+ rF+}
rCorr    +         Harm     .   S - +2 pair of gloves {Dex+3}
MR       +....     Rnd*Rage +   N - +2 pair of boots Stlth ..........Rnd*Tele +
                                G - amulet of guardian spirit
HPRegen  0.00/turn              j - ring of resist corrosion
MPRegen  0.22/turn              I - ring of magical power

@: about to teleport, berserk cooldown, very slightly contaminated, hasted and
slowed, invisible
A: big wings, [berserk 3], [blurry vision 3], [clumsy 2], [deformed body],
[deterioration 2], [dopey 2], [frail 3], low mp 1[+2], negative energy
resistance 1, [screaming 3], electricity resistance, [inhibited regeneration],
[teleportitis 3], [weak 2], unbreathing, petrification resistance, [no potion
heal 3], rot immunity, subdued magic 1[+2], AC +15
}: 2/15 runes: serpentine, barnacled
a: Fly, Minor Destruction, Lesser Servant of Makhleb, Major Destruction, Greater
Servant of Makhleb, Renounce Religion


You were on level 3 of the Abyss.
You worshipped Makhleb.
Makhleb was exalted by your worship.
You were not hungry.

You visited 7 branches of the dungeon, and saw 35 of its levels.
You visited the Abyss 1 time.
You visited 1 bazaar.
You also visited: Ice Cave.

You collected 3215 gold pieces.
You spent 756 gold pieces at shops.

Inventory:

Hand Weapons
 a - a +6 whip of electrocution
 b - the +1 morningstar of Wixutist (weapon) {venom, +Inv rF++}
   (You bought it in a shop on level 2 of the Orcish Mines)

   It poisons the flesh of those it strikes.
   It greatly protects you from fire.
   It lets you turn invisible.
 w - a +0 quick blade of holy wrath
Missiles
 v - 41 poisoned darts (quivered)
 y - 25 silver javelins
 M - 8 curare-tipped darts
Armour
 c - a +0 shield (worn)
 H - a scarf of resistance (worn)
 N - a +2 pair of boots (worn)
 S - a +2 pair of gloves of dexterity (worn)
 U - a +0 helmet (worn)
 W - a +0 crystal plate armour (worn)
Magical Staves
 Y - an uncursed staff of cold {unknown}
Jewellery
 j - a ring of resist corrosion (left hand)
 s - a +5 amulet of reflection
 G - an amulet of guardian spirit (around neck)
 I - a ring of magical power (right hand)
Wands
 k - a wand of flame (25)
 l - a wand of acid (7)
 q - a wand of clouds (8)
 C - a wand of disintegration (27)
 D - a wand of paralysis (18)
 O - a wand of iceblast (22)
Scrolls
 g - a scroll of enchant weapon
 h - 4 scrolls of fog
 i - 6 scrolls of identify
 m - 2 scrolls of enchant armour
 o - 12 scrolls of remove curse
 p - a scroll of magic mapping
 t - a scroll of silence {unknown}
 u - 3 scrolls of amnesia
 A - 4 scrolls of teleportation
 B - 2 scrolls of blinking
 L - 3 scrolls of holy word
 P - a scroll of fear
 Q - a scroll of summoning
 V - a scroll of torment {unknown}
Potions
 d - 4 potions of might
 e - 3 potions of haste
 n - 8 potions of curing
 r - 2 potions of agility
 x - 2 potions of ambrosia
 z - 2 potions of brilliance
 E - 2 potions of invisibility
 F - 3 potions of magic
 J - a potion of berserk rage
 K - 5 potions of mutation
 R - a potion of heal wounds
Comestibles
 f - 17 rations


   Skills:
 + Level 18.8 Fighting
 - Level 16.0 Maces & Flails
 - Level 5.0 Throwing
 + Level 16.3 Armour
 - Level 7.0 Dodging
 - Level 15.0 Shields
 + Level 13.6 Invocations
 + Level 7.0 Evocations


You had 17 spell levels left.
You knew the following spells:

 Your Spells              Type           Power        Failure   Level  Hunger
a - Blink                 Tloc           N/A          100%        2    ###....

Your spell library contained the following spells:

 Spells                   Type           Power        Failure   Level  Hunger
 Foxfire                  Conj/Fire      #...         100%        1    ##.....
 Magic Dart               Conj           #...         100%        1    ##.....
 Shock                    Conj/Air       #...         100%        1    ##.....
 Summon Butterflies       Summ           #.......     100%        1    ##.....
 Call Imp                 Summ           #.......     100%        2    ###....
 Corpse Rot               Necr/Air       N/A          100%        2    ###....
 Poisonous Vapours        Pois/Air       #.....       100%        2    ###....
 Searing Ray              Conj           #.....       100%        2    ###....
 Slow                     Hex            #.......     100%        2    ###....
 Confusing Touch          Hex            #.......     100%        3    ####...
 Conjure Flame            Conj/Fire      #.......     100%        3    ####...
 Dazzling Flash           Conj/Hex       #.....       100%        3    ####...
 Gell's Gravitas          Tloc           #.........   100%        3    ####...
 Inner Flame              Hex/Fire       #.......     100%        3    ####...
 Mephitic Cloud           Conj/Pois/Air  #.......     100%        3    ####...
 Static Discharge         Conj/Air       #.......     100%        3    ####...
 Dispel Undead            Necr           #.......     100%        4    #####..
 Fulminant Prism          Conj/Hex       #.........   100%        4    #####..
 Iskenderun's Mystic Bla  Conj/Tloc      #.......     100%        4    #####..
 Petrify                  Tmut/Erth      #.......     100%        4    #####..
 Sticky Flame             Conj/Fire      #.......     100%        4    #####..
 Agony                    Necr           #.......     100%        5    ######.
 Excruciating Wounds      Chrm/Necr      #.........   100%        5    ######.
 Fireball                 Conj/Fire      #.........   100%        5    ######.
 Lightning Bolt           Conj/Air       #.........   100%        5    ######.
 Metabolic Englaciation   Hex/Ice        #.........   100%        5    ######.
 Summon Forest            Summ/Tloc      #.........   100%        5    ######.
 Yara's Violent Unravell  Hex/Tmut       #.........   100%        5    ######.
 Freezing Cloud           Conj/Ice/Air   #.........   100%        6    #######
 Orb of Destruction       Conj           #.........   100%        7    #######
 Ring of Flames           Chrm/Fire      #.........   100%        7    #######
 Ignition                 Fire           #.........   100%        8    #######
 Shatter                  Erth           #.........   100%        9    #######
 Tornado                  Air            #.........   100%        9    #######
 Sublimation of Blood     Necr           Unusable     N/A         2    N/A

Dungeon Overview and Level Annotations

Branches:
Dungeon (15/15)            Temple (1/1) D:7            Lair (6/6) D:11
 Shoals (4/4) Lair:4        Snake (4/4) Lair:3        Slime (0/5) Lair:5
    Orc (2/2) D:12            Elf (3/3) Orc:2        Vaults (0/5) D:13
 Depths (0/5) D:15          IceCv (visited)

Altars:
Ashenzari
Cheibriados
Dithmenos
Elyvilon
Fedhas
Gozag
Hepliaklqana
Kikubaaqudgha
Makhleb
Nemelex Xobeh
Okawaru
Qazlal
Ru
Sif Muna
Trog
Uskayaw
Vehumet
Wu Jian
Xom
Yredelemnul
Zin
The Shining One
Beogh
Jiyva

Shops:
D:4 *   D:8 *   D:12 *   Orc:1 [   Orc:2 =(*[   Shoals:1 :   Shoals:4 :*

Annotations:
D:4 exclusion: downstairs
Lair:1 Stash Location SE
Elf:1 Roxanne


Innate Abilities, Weirdness & Mutations

You are resistant to torment.
Your stone body is resilient. (AC +15)
You are immune to poison.
Your large and strong wings let you fly indefinitely.
You resist negative energy. (rN+)
You are resistant to electric shocks. (rElec)
You can survive without breathing.
You are immune to petrification.
You are immune to rotting.
[You have an uncontrollable temper.]
[Scrolls take you much longer to read.]
[You are very clumsy. (Dex -4)]
[Armour fits poorly on your strangely shaped body.]
[Your body often deteriorates upon taking damage.]
[You are very dopey. (Int -4)]
[You are extremely frail. (-30% HP)]
[Your magical capacity is extremely low. (-30% MP)]
[You frequently scream uncontrollably at your foes.]
[You do not regenerate when monsters are visible.]
[You are often teleported next to monsters.]
[You are very weak. (Str -4)]
[Potions cannot restore your health.]
[Your spells are much easier to cast, but much less powerful.]


Message History

The wretched star pulses with an eldritch light!
The wretched star glows turbulently.
The lance of force hits you but does no damage.
You block the spatial maelstrom's attack. x2
The large abomination hits you but does no damage.
You are very lightly contaminated with residual magic.
Really read with blurry vision while enemies are nearby?
The efreet gestures at you.
The bolt of fire hits you but does no damage.
The deep elf mage hits you but does no damage.
You block the neqoxec's attack.
The large abomination hits you but does no damage.
You begin reading the scroll.
You continue reading the scroll.
The spatial maelstrom hits you but does no damage. x2
You block the efreet's attack.
The deep elf mage hits you but does no damage.
The neqoxec gestures at you.
Strange energies course through your body.
The large abomination hits you!
You die...

.....###....#.
#.........#. #
#..#.......#.# .
#v........### ..
##..........###....
.......*......#...
......evR...... .#
.....x3@XX......##
.....##.*........
..# ##..X...>###
#..........###
#......v.....
#.....##.#...####
#......###....#..##
#.....#.# #... ....
.... ######.... .
#..


You could see a spatial maelstrom, 2 wretched stars, 2 spatial vortices, 3 large
abominations, a deep elf mage, an efreet, a neqoxec and a small abomination.

Vanquished Creatures
  Jorgrun (Snake:2)
  Asterion (Elf:1)
  A deep elf blademaster (Elf:2)
  2 tentacled starspawn (Abyss:3)
  A kraken (Shoals:2)
  Kirke (Lair:6)
  9 nagarajas (Snake:4)
  3 deep elf sorcerers
  2 deep elf elementalists
  2 stone giants
  2 deep elf annihilators (Elf:3)
  3 deep elf demonologists (Elf:3)
  Azrael (Snake:2)
  3 merfolk javelineers
  An ettin (D:15)
  2 deep elf death magi (Elf:2)
  4 merfolk impalers
  2 deep elf high priests (Elf:3)
  An ogre mage (D:15)
  Fannar (Lair:1)
  The ghost of PeterQ the Slicer, a journeyman HOGl of Uskayaw (D:10)
  A vault guard (D:13)
  5 hydras
  2 alligator snapping turtles
  11 anacondas
  11 naga warriors
  A tengu warrior (D:15)
  4 merfolk aquamancers
  4 centaur warriors
  7 two-headed ogres
  4 catoblepae
  A death knight (D:13)
  2 satyrs
  24 dancing weapons
  A queen ant (Lair:2)
  6 death yaks
  2 orc high priests (Orc:2)
  7 shock serpents
  Nergalle (D:12)
  18 deep elf knights
  11 naga sharpshooters
  2 small abominations
  2 salamander mystics (Snake:4)
  4 skeletal warriors
  11 sea snakes
  A glowing orange brain (Abyss:3)
  A deep troll (D:15)
  3 unseen horrors
  An orange crystal statue (Elf:3)
  8 naga ritualists
  4 deep elf archers
  A wizard (D:14)
  A necromancer (IceCv)
  3 orc knights (Orc:2)
  10 mana vipers
  12 harpies
  60 deep elf magi
  A lindwurm (Lair:3)
  2 orc sorcerers (Orc:2)
  3 ugly things
  15 manticores
  4 cyclopes
  2 large abominations (Abyss:3)
  3 oklob plants (D:11)
  7 salamanders
  9 fauns
  An elephant (Lair:6)
  6 merfolk sirens
  34 black mambas
  Psyche (D:12)
  15 naga magi
  An ice statue (IceCv)
  6 water nymphs
  6 guardian serpents
  A torpor snail (Lair:2)
  2 centaur skeletons
  2 gargoyles (D:15)
  5 spiny frogs
  3 rime drakes
  6 komodo dragons
  A kobold demonologist (D:14)
  10 freezing wraiths (IceCv)
  2 tengu conjurers
  5 trolls
  A meliai (shapeshifter) (D:13)
  A polar bear (Lair:3)
  23 merfolk
  2 meliai (D:14)
  15 blink frogs
  Prince Ribbit (D:5)
  2 wind drakes (Shoals:4)
  3 hornets
  12 snapping turtles
  3 raiju (Abyss:3)
  3 dream sheep (Shoals:4)
  9 hippogriffs
  A spriggan (D:8)
  4 shadows
  An air elemental (Elf:1)
  Sigmund (D:5)
  A vampire (D:12)
  12 water elementals
  2 wyverns
  46 yaks
  5 fire elementals
  A wraith (D:12)
  5 basilisks
  4 hogs
  2 chaos spawn (Abyss:3)
  9 humans (D:13)
  8 vampire mosquitoes
  5 hungry ghosts
  A warg (Orc:2)
  9 soldier ants
  An acid dragon (D:15)
  42 nagas
  6 porcupines
  12 water moccasins
  40 orc warriors
  3 hell hounds
  A hornet zombie (D:15)
  5 sky beasts
  An alligator simulacrum (IceCv)
  17 ice beasts
  A swamp drake (D:12)
  An eye of draining (D:14)
  A phantom (D:6)
  4 black bears
  18 ogres
  2 necrophages
  19 wolves
  16 centaurs
  17 crocodiles
  18 bullfrogs
  4 big kobolds
  A gnoll sergeant (D:9)
  3 earth elementals
  2 scorpions
  An elephant simulacrum (IceCv)
  7 electric eels
  12 wights
  2 howler monkeys
  A lava snake (Snake:2)
  4 crimson imps
  36 orc wizards
  A quasit (D:8)
  9 jellies
  A bullfrog skeleton (D:12)
  3 centaur zombies
  3 draconian simulacra (IceCv)
  6 hounds
  31 orc priests
  3 iguanas
  Terence (D:2)
  Ijyb (D:4)
  28 worker ants
  2 polar bear simulacra (IceCv)
  A spriggan simulacrum (IceCv)
  4 troll simulacra (IceCv)
  A killer bee zombie (D:5)
  2 centaur simulacra (IceCv)
  A hound skeleton (D:10)
  7 gnolls
  2 naga simulacra (IceCv)
  3 ogre simulacra (IceCv)
  9 adders
  3 shadow imps
  12 white imps (IceCv)
  9 oozes
  A worm (D:4)
  A dart slug (D:4)
  6 leopard geckos
  85 orcs
  4 ball pythons
  6 bats
  6 giant cockroaches
  5 goblins
  4 hobgoblins
  13 jackals
  7 quokkas
  3 frilled lizards
  27 kobolds
  2 leopard gecko skeletons
  A quokka skeleton (D:4)
  A quokka zombie (D:8)
  4 rats
  A crawling corpse (Elf:2)
  3 plants
  3 tentacles (Shoals:2)
1260 creatures vanquished.

Vanquished Creatures (collateral kills)
  A nagaraja (Snake:2)
  2 orc warlords (Orc:2)
  A merfolk impaler (Shoals:4)
  A hydra (Lair:5)
  A vault guard (D:13)
  An anaconda (Snake:4)
  2 tengu warriors (D:13)
  2 death yaks
  A shock serpent (Snake:2)
  An orc high priest (Orc:2)
  A dancing weapon (Elf:2)
  4 sea snakes
  A salamander mystic (Snake:4)
  2 deep elf archers (Elf:1)
  An orc knight (Orc:2)
  A harpy (Shoals:2)
  A deep elf mage (Elf:1)
  2 orc sorcerers (Orc:2)
  3 elephants (Lair:6)
  2 black mambas
  2 spiny frogs
  2 naga magi (Snake:4)
  3 merfolk
  A meliai (D:14)
  3 yaks (Lair:3)
  4 nagas (Snake:4)
  3 water moccasins
  A hell hound (Snake:2)
  3 orc warriors (Orc:2)
  A porcupine (Lair:3)
  2 electric eels (Snake:3)
  5 lava snakes (Snake:2)
  An orc priest (Orc:2)
  5 orc wizards (Orc:2)
  14 orcs (Orc:2)
  2 plants
83 creatures vanquished.

Vanquished Creatures (others)
  A naga warrior (Snake:4)
  A dancing weapon (Elf:2)
  A mana viper (Snake:2)
  A human (D:13)
  7 fungi
  19 plants
  38 starspawn tentacles
  22 tentacles (Shoals:2)
  8 toadstools (D:3)
  2 withered plants (D:10)
100 creatures vanquished.

Grand Total: 1443 creatures vanquished

Notes
Turn   | Place    | Note
-------+----------+-------------------------------------------
     0 | D:1      | EWolf27 the Gargoyle Fighter began the quest for the Orb.
     0 | D:1      | Reached XP level 1. HP: 14/14 MP: 1/1
   176 | D:1      | Reached XP level 2. HP: 18/19 MP: 2/2
   730 | D:2      | Found an ancient bone altar of Kikubaaqudgha.
   832 | D:2      | Found a hazy altar of Hepliaklqana.
  1096 | D:2      | Reached XP level 3. HP: 23/23 MP: 3/3
  1097 | D:2      | Noticed Terence
  1127 | D:2      | Killed Terence
  1262 | D:3      | Upgraded the game from 0.25-a0-310-g60f0ac2d9a to
                  | 0.25-a0-404-gc1b5a34292
  1451 | D:3      | Reached XP level 4. HP: 28/28 MP: 4/4
  1855 | D:3      | Reached skill level 5 in Maces & Flails
  1855 | D:3      | Reached XP level 5. HP: 27/32 MP: 5/5
  2503 | D:4      | Found Zin's Purification Station.
  2506 | D:4      | Found a glowing silver altar of Zin.
  2547 | D:4      | Reached XP level 6. HP: 37/37 MP: 6/6
  2984 | D:4      | Noticed Ijyb
  3015 | D:4      | Killed Ijyb
  3537 | D:5      | Entered Level 5 of the Dungeon
  3537 | D:5      | Noticed Sigmund
  3838 | D:5      | Found a shadowy altar of Dithmenos.
  3857 | D:5      | Noticed Prince Ribbit
  3921 | D:5      | Killed Prince Ribbit
  3921 | D:5      | Reached skill level 4 in Fighting
  3921 | D:5      | Reached XP level 7. HP: 40/44 MP: 7/7
  3947 | D:5      | Upgraded the game from 0.25-a0-404-gc1b5a34292 to
                  | 0.25-a0-420-g1cc7eeb0d1
  3987 | D:5      | Found a glowing golden altar of the Shining One.
  4352 | D:5      | Killed Sigmund
  4352 | D:5      | Reached XP level 8. HP: 32/48 MP: 8/8
  4676 | D:5      | Reached skill level 5 in Fighting
  4878 | D:5      | Reached skill level 5 in Armour
  4974 | D:6      | Found an ornate altar of the Wu Jian Council.
  5186 | D:6      | Reached skill level 5 in Shields
  5624 | D:6      | Reached XP level 9. HP: 54/54 MP: 9/9
  5650 | D:6      | Found a shimmering altar of Xom.
  5655 | D:6      | Found a burning altar of Makhleb.
  5664 | D:6      | Became a worshipper of Makhleb the Destroyer
  5753 | D:6      | Reached skill level 1 in Invocations
  6089 | D:7      | Found a radiant altar of Vehumet.
  6172 | D:7      | Reached skill level 10 in Maces & Flails
  6264 | D:7      | Found a snail-covered altar of Cheibriados.
  6543 | D:6      | Reached * piety under Makhleb
  7010 | D:7      | Found a staircase to the Ecumenical Temple.
  7022 | Temple   | Entered the Ecumenical Temple
  7703 | D:8      | Reached XP level 10. HP: 59/59 MP: 12/12
  7711 | D:8      | Reached skill level 1 in Evocations
  7962 | D:8      | Found Xusar's General Store.
  7970 | D:8      | Bought a scroll of enchant weapon for 82 gold pieces
  8375 | D:8      | Reached ** piety under Makhleb
  9269 | D:10     | Entered Level 10 of the Dungeon
  9476 | D:10     | Found a runed translucent door.
  9590 | D:10     | Noticed PeterQ's ghost (journeyman HOGl)
  9818 | D:10     | Reached skill level 6 in Fighting
 10692 | D:11     | Found a staircase to the Lair.
 10693 | D:11     | Noticed an oklob plant
 10701 | D:11     | Noticed an oklob plant
 10889 | D:11     | Noticed a red ugly thing
 11283 | D:11     | Killed an unseen horror
 11283 | D:11     | Reached XP level 11. HP: 50/66 MP: 13/13
 11382 | D:11     | Killed a red ugly thing
 11382 | D:11     | Reached skill level 7 in Fighting
 12116 | D:11     | Noticed an oklob plant
 12131 | D:11     | Killed an oklob plant
 12162 | D:11     | Killed an oklob plant
 12185 | D:11     | Killed an oklob plant
 12312 | Lair:1   | Entered Level 1 of the Lair of Beasts
 12436 | D:11     | Reached *** piety under Makhleb
 12547 | D:12     | Noticed a skeletal warrior
 12607 | D:11     | Killed a skeletal warrior
 12790 | D:12     | Noticed a skeletal warrior
 12791 | D:12     | Noticed a skeletal warrior
 12891 | D:12     | Reached skill level 8 in Fighting
 13191 | D:12     | Found Jaefinil's General Store.
 13244 | D:12     | Noticed a skeletal warrior
 13260 | D:11     | Killed a skeletal warrior
 13406 | D:12     | Noticed Psyche
 13754 | D:12     | Killed Psyche
 13754 | D:12     | Reached skill level 10 in Shields
 13870 | D:12     | Noticed Nergalle
 13871 | D:12     | Noticed a green ugly thing
 13903 | D:12     | Killed a green ugly thing
 13903 | D:12     | Reached XP level 12. HP: 75/75 MP: 15/15
 13942 | D:12     | Killed Nergalle
 13944 | D:12     | Reached skill level 9 in Fighting
 14006 | D:12     | Reached **** piety under Makhleb
 14086 | D:12     | Found a staircase to the Orcish Mines.
 14187 | Orc:1    | Entered Level 1 of the Orcish Mines
 14271 | D:12     | Reached skill level 5 in Invocations
 14606 | D:12     | You fall into a shaft and drop 2 floors!
 14606 | D:14     | Found a stormy altar of Qazlal.
 14629 | D:14     | Noticed an eight-headed hydra
 14641 | D:14     | Killed an eight-headed hydra
 14769 | D:14     | Noticed a centaur warrior
 14786 | D:14     | Killed a centaur warrior
 14960 | D:14     | Reached skill level 10 in Fighting
 15415 | D:13     | Found a frozen archway.
 15492 | IceCv    | Entered an ice cave
 15646 | IceCv    | Reached ***** piety under Makhleb
 15646 | IceCv    | Reached XP level 13. HP: 80/83 MP: 15/17
 15752 | IceCv    | Got a brightly glowing plate armour
 16214 | IceCv    | Identified the cursed +0 plate armour of Purpose {*Slow
                  | Str+7} (You found it in an ice cave)
 16812 | D:13     | Reached skill level 11 in Fighting
 16985 | D:13     | Noticed a vault guard
 17035 | D:13     | Killed a vault guard
 17095 | D:13     | Noticed a vault guard
 17111 | D:13     | Killed a vault guard
 17174 | D:13     | Found a gate to the Vaults.
 17695 | D:13     | Reached skill level 1 in Throwing
 17900 | D:10     | Killed PeterQ's ghost
 18182 | Lair:1   | Reached skill level 10 in Armour
 18695 | Lair:1   | Noticed Fannar
 18726 | Lair:1   | Killed Fannar
 19169 | Lair:2   | Gained mutation: Your large and strong wings let you fly
                  | indefinitely. [Gargoyle growth]
 19169 | Lair:2   | Reached XP level 14. HP: 91/91 MP: 20/20
 19383 | Lair:2   | You are sucked into a shaft and drop 2 floors!
 19517 | Lair:4   | Reached skill level 12 in Fighting
 20746 | Lair:3   | Found a staircase to the Snake Pit.
 20778 | Snake:1  | Entered Level 1 of the Snake Pit
 21676 | Lair:4   | Found a staircase to the Shoals.
 22262 | Lair:5   | Found a viscous altar of Jiyva.
 22468 | Lair:5   | Found a staircase to the Slime Pits.
 23063 | Lair:6   | Entered Level 6 of the Lair of Beasts
 23337 | Lair:6   | Noticed Kirke
 23482 | Lair:6   | Killed Kirke
 23482 | Lair:6   | Reached skill level 10 in Invocations
 23531 | Lair:6   | Reached skill level 13 in Fighting
 23593 | Lair:6   | Reached XP level 15. HP: 98/98 MP: 22/22
 25024 | Orc:1    | Found a roughly hewn altar of Beogh.
 25158 | Orc:2    | Entered Level 2 of the Orcish Mines
 25580 | Orc:1    | Found Xinogi's Antique Armour Shoppe.
 25854 | Orc:2    | Found a staircase to the Elven Halls.
 26603 | Orc:2    | Paralysed by an orc sorcerer for 5 turns
 26614 | Orc:2    | Noticed an orc warlord
 26647 | Orc:2    | Killed an orc warlord
 26742 | Orc:2    | Reached skill level 15 in Shields
 26896 | Orc:2    | Found Amu Ezamn's General Store.
 26896 | Orc:2    | Found Ilihao's Jewellery Emporium.
 26907 | Orc:2    | Found Miczahif's Antique Armour Shoppe.
 26907 | Orc:2    | Found Pacwompu's Antique Weapon Shoppe.
 27174 | Orc:2    | Reached skill level 14 in Fighting
 27237 | Orc:2    | Noticed an orc warlord
 27261 | Orc:2    | Killed an orc warlord
 27788 | Orc:2    | Bought a dazzling morningstar for 252 gold pieces
 27788 | Orc:2    | Identified the +1 morningstar of Wixutist {venom, +Inv
                  | rF++} (You bought it in a shop on level 2 of the Orcish
                  | Mines)
 28536 | Snake:2  | Noticed Azrael
 28547 | Snake:1  | Reached ****** piety under Makhleb
 28566 | Snake:2  | Noticed Jorgrun
 29088 | Snake:2  | Noticed a nagaraja
 29418 | Snake:2  | Reached XP level 16. HP: 107/107 MP: 23/23
 30031 | Orc:2    | Bought a scroll of teleportation for 42 gold pieces
 30031 | Orc:2    | Bought a potion of haste for 140 gold pieces
 30300 | Snake:2  | Killed a nagaraja
 30400 | Snake:2  | Killed Jorgrun
 30580 | Snake:2  | Killed Azrael
 30928 | Snake:2  | Reached skill level 1 in Dodging
 31658 | Snake:3  | Reached skill level 15 in Fighting
 32457 | Snake:4  | Entered Level 4 of the Snake Pit
 32491 | Snake:4  | Gained mutation: [Your spells are a little easier to cast,
                  | but a little less powerful.] [the power of Zot]
 32491 | Snake:4  | Gained mutation: [Your magical capacity is low. (-10% MP)]
                  | [the power of Zot]
 34086 | Snake:4  | Reached skill level 5 in Dodging
 34097 | Snake:4  | Reached XP level 17. HP: 111/113 MP: 22/22
 34323 | Snake:4  | Upgraded the game from 0.25-a0-420-g1cc7eeb0d1 to
                  | 0.25-a0-424-g80bd347ae0
 34863 | Snake:4  | Reached skill level 15 in Armour
 34892 | Snake:4  | Reached skill level 16 in Fighting
 34997 | Snake:4  | Reached skill level 15 in Maces & Flails
 35194 | Snake:4  | Got a serpentine rune of Zot
 35750 | Shoals:1 | Entered Level 1 of the Shoals
 36247 | Shoals:1 | Found Cumiroph's Book Boutique.
 37349 | Shoals:2 | Noticed a kraken
 37702 | Shoals:2 | Killed a kraken
 37702 | Shoals:2 | Reached XP level 18. HP: 122/122 MP: 23/23
 38530 | Shoals:2 | You are sucked into a shaft and drop 1 floor!
 39443 | Shoals:4 | Entered Level 4 of the Shoals
 39520 | Shoals:4 | Reached skill level 5 in Throwing
 39554 | Shoals:4 | Found Blequici's Bounteous Boutique.
 39586 | Shoals:4 | Bought a scroll of blinking for 127 gold pieces
 40021 | Shoals:4 | Found Yhucw's Book Shoppe.
 40052 | Shoals:4 | Reached skill level 17 in Fighting
 40778 | Shoals:4 | Got a barnacled rune of Zot
 41265 | D:15     | Entered Level 15 of the Dungeon
 41967 | D:15     | Paralysed by an ogre mage for 4 turns
 42164 | D:15     | Learned a level 2 spell: Blink
 42986 | D:15     | Found a staircase to the Depths.
 44143 | Elf:1    | Entered Level 1 of the Elven Halls
 44226 | Elf:1    | Reached XP level 19. HP: 128/128 MP: 24/24
 44282 | Elf:1    | Found a flickering gateway to a bazaar.
 44290 | Bazaar   | Entered a bazaar
 44311 | Bazaar   | Found Pasupiry's Food Boutique.
 44341 | Bazaar   | Found Pumejau's Food Boutique.
 44356 | Bazaar   | Found Soetahe's General Store.
 44370 | Bazaar   | Found Wukogamo's Food Boutique.
 44384 | Bazaar   | Found Wisoigeck's General Store.
 44428 | Bazaar   | Bought a potion of heal wounds for 65 gold pieces
 44457 | Bazaar   | Bought a scroll of identify for 24 gold pieces
 44457 | Bazaar   | Bought a scroll of identify for 24 gold pieces
 44654 | Elf:1    | Noticed Roxanne
 44755 | Elf:1    | Found a runed translucent door.
 45030 | Elf:1    | Reached skill level 5 in Evocations
 45174 | Elf:1    | Noticed Asterion
 45192 | Elf:1    | Killed Asterion
 45339 | Elf:1    | Reached skill level 18 in Fighting
 45689 | Elf:1    | Identified the Reference Book on Confrontation and Calling
 46800 | Elf:2    | Found a runed translucent gate.
 46800 | Elf:2    | Found a runed translucent gate.
 46800 | Elf:2    | Found a runed translucent gate.
 48205 | Elf:3    | Entered Level 3 of the Elven Halls
 48703 | Elf:3    | Reached XP level 20. HP: 137/137 MP: 27/27
 49445 | Elf:3    | Got a shimmering glaive
 49450 | Elf:3    | Identified the +1 glaive of the Distant Future {venom,
                  | Dex+3} (You found it on level 3 of the Elven Halls)
 49626 | Elf:3    | Noticed a Tzitzimitl
 49837 | Elf:3    | Cast into level 2 of the Abyss (a deep elf sorcerer)
 49931 | Abyss:3  | Found a corrupted altar of Lugonu.
 50148 | Abyss:3  | Slain by a large abomination

Levels and vault maps discovered:
D:1:      sevenhm_arrival_forest_fort_small_3, layout_basic
D:2:      layout_rooms, lemuel_crystal_altar, old_standard_altar, first_ration,
          minmay_misc_feat_room, uniq_terence
D:3:      cheibrodos_fertilizer, layout_loops_ring
D:4:      layout_basic, zin_purify, serial_bayou_pond_d, uniq_ijyb
D:5:      layout_cave_pods, tso_oasis_becter, grunt_dithmenos_smoke,
          uniq_prince_ribbit1, uniq_sigmund
D:6:      layout_loops_cross, grunt_temple_overflow_champion_of_chaos,
          lemuel_crystal_altar
D:7:      layout_gridville, old_standard_altar, lemuel_crystal_altar,
          minmay_temple_entry_butterflies
D:8:      layout_cave_pods, serial_shops,
          nicolae_shop_competitors_out_of_business, the_bakery,
          kennysheep_small_square
D:9:      layout_roguey, serial_rivers, chequers_serial_rivers_large_b,
          chequers_serial_rivers_room_b, chequers_serial_rivers_micro_a,
          chequers_serial_rivers_room_a, chequers_serial_rivers_micro_e,
          feat_on_display
D:10:     layout_loops_cross, gammafunk_ghost_grave
D:11:     layout_layer_cave, dpeg_oklobed_lair
D:12:     layout_basic, erik_orc_1, serial_shops, shop, uniq_psyche,
          uniq_nergalle
D:13:     layout_stronghold, ximxim_vaults_locker_room,
          portal_ice_cave_entry_ice_beasts
D:14:     layout_roguey, lemuel_round_altar, minmay_fractal_squares_gapless_7
D:15:     hangedman_depths_entry_civil_slaughter, layout_layer_cave,
          palyth_stone_intersect
Temple:   oiseaux_autumnal_temple
Lair:1:   layout_roguey, uniq_fannar
Lair:2:   layout_small_grid, minmay_another_anthill, serial_bayou_shore_a,
          serial_bayou_shore_b
Lair:3:   layout_regular_city, minmay_snake_entry_guardpost_small,
          kennysheep_basilisk_garden, lemuel_fruit_tree
Lair:4:   layout_small_grid, shoals_dummy_entry, infiniplex_staircase_pool_2
Lair:5:   layout_hall_layers, slime_altar_1, serial_bayou_shore_b,
          infiniplex_staircase_pool
Lair:6:   evilmike_catoblepas_cave, layout_cave_pods, guppyfry_lair_drakes,
          uniq_kirke
Shoals:1: layout_shoals, serial_shops, nicolae_shop_waterfront
Shoals:2: cheibrodos_shoals_oceanic_diplomacy, layout_shoals
Shoals:3: layout_shoals
Shoals:4: shoals_end_hangedman, layout_shoals, serial_shops, shop,
          nicolae_alphabet_shops
Snake:1:  layout_rooms
Snake:2:  layout_basic, nicolae_snake_lava_pool, uniq_azrael, uniq_jorgrun
Snake:3:  layout_onion, serial_bayou_lake_a
Snake:4:  johnstein_snake_rune_scales, layout_gridlike
Orc:1:    layout_diamond_mine, serial_shops, shop, basic_altar
Orc:2:    st_orc_congregation, layout_diamond_mine
Elf:1:    elf_arrival_002, layout_geoelf_grid, serial_shops, bzr_entry_dummy,
          minmay_elf_sorcery, minivault_13, uniq_asterion, uniq_roxanne
Elf:2:    layout_geoelf_octagon, hex_large
Elf:3:    nooodl_elf_gasket, layout_loops_corners, minivault_15,
          grunt_ministairs_1, hex_tiny, nicolae_elf_big_sculpture_3
Abyss:3:  base: Orc:1, hangedman_grunt_abyss_rune_horror_hoard,
          due_exit_kobolds, evilmike_abyss_rune_siren_acolytes

Skill      XL: |  1  2  3  4  5  6  7  8  9 10 11 12 13 14 15 16 17 18 19 20 |
---------------+-------------------------------------------------------------+-----
Maces & Flails | 3 4 5 6 7 9 10 12 13 14 15 16 | 16.0
Fighting       | 4 5 6 8 10 11 13 14 15 16 17 18 | 18.8
Armour         | 4 5 6 8 10 11 13 14 15 16 | 16.3
Shields        | 4 5 7 8 10 11 12 13 15 | 15.0
Invocations    | 3 4 6 8 10 11 13 | 13.6
Evocations     | 3 4 6 7 |  7.0
Throwing       | 2 3 5 |  5.0
Dodging        | 5 7 |  7.0

Action                   |  1- 3 |  4- 6 |  7- 9 | 10-12 | 13-15 | 16-18 | 19-21 || total
-------------------------+-------+-------+-------+-------+-------+-------+-------++-------
Melee: Flail             |   143 |   120 |       |       |       |       |       ||   263
       Whip              |       |   111 |   419 |  1015 |  2034 |    56 |       ||  3635
       Morningstar       |       |       |       |       |    89 |  2272 |  1026 ||  3387
Throw: Dart              |       |       |     5 |    22 |     7 |    19 |     2 ||    55
       Javelin           |       |       |       |       |       |       |    15 ||    15
Invok: Lesser Servant of |       |       |       |     1 |    48 |    36 |    16 ||   101
       Minor Destruction |       |       |       |       |       |       |     2 ||     2
 Abil: Fly               |       |       |       |       |     2 |     2 |     1 ||     5
       Stop Flying       |       |       |       |       |     2 |     1 |     2 ||     5
Evoke: Wand              |       |       |       |    22 |       |       |       ||    22
  Use: Scroll            |       |    10 |     9 |    10 |    21 |     9 |     8 ||    67
       Potion            |       |       |     1 |     1 |     4 |     3 |     2 ||    11
 Stab: Distracted        |       |       |       |       |    14 |     3 |     3 ||    20
       Invisible         |       |       |       |       |       |     1 |       ||     1
       Paralysed         |       |       |       |       |       |       |     4 ||     4
  Eat: Chunk             |     1 |     6 |     5 |    10 |    14 |     5 |    10 ||    51
       Ration            |       |     1 |     3 |     6 |    10 |    13 |     3 ||    36
Armor: Plate armour      |    78 |   153 |   295 |   447 |   530 |       |       ||  1503
       Scale mail        |     7 |       |       |       |       |       |       ||     7
       Crystal plate arm |       |       |       |       |   506 |  1789 |   638 ||  2933
Dodge: Dodged            |    16 |    34 |    50 |   135 |   310 |   629 |   235 ||  1409
Block: Shield            |    86 |   103 |   168 |   471 |  1089 |  1834 |   553 ||  4304

Table legend:
 A = Non-vault XP
 B = Vault XP
 C = Vault XP percentage of total XP
 D = Non-vault monster count
 E = Vault monster count
 F = Vault count percentage of total count
                 A         B        C        D         E       F
            +---------+---------+-------+---------+---------+-------
      Total |  238761 |  180823 |  43.1 |     876 |     460 |  34.4
            +---------+---------+-------+---------+---------+-------
        D:1 |      22 |       0 |   0.0 |      13 |       0 |   0.0
        D:2 |      15 |      83 |  84.7 |      10 |       3 |  23.1
        D:3 |      75 |      95 |  55.9 |      18 |      13 |  41.9
        D:4 |     163 |      35 |  17.7 |      21 |       1 |   4.5
        D:5 |     588 |     506 |  46.3 |      13 |       2 |  13.3
        D:6 |    1461 |      50 |   3.3 |      31 |       1 |   3.1
        D:7 |     837 |       0 |   0.0 |      16 |       0 |   0.0
        D:8 |    1279 |     514 |  28.7 |      32 |       3 |   8.6
        D:9 |     567 |       0 |   0.0 |      17 |       0 |   0.0
       D:10 |    1206 |    1011 |  45.6 |      23 |       1 |   4.2
       D:11 |    5395 |    1626 |  23.2 |      39 |       3 |   7.1
       D:12 |    7174 |    1850 |  20.5 |      38 |      19 |  33.3
       D:13 |    8007 |    4455 |  35.7 |      38 |      19 |  33.3
       D:14 |    7967 |    6265 |  44.0 |      36 |      11 |  23.4
       D:15 |    9649 |    5570 |  36.6 |      28 |       6 |  17.6
     Lair:1 |    4376 |    1023 |  18.9 |      21 |       1 |   4.5
     Lair:2 |    4623 |    2260 |  32.8 |      24 |      21 |  46.7
     Lair:3 |    4471 |    1322 |  22.8 |      28 |       8 |  22.2
     Lair:4 |    4330 |       0 |   0.0 |      15 |       0 |   0.0
     Lair:5 |    8532 |     192 |   2.2 |      32 |       1 |   3.0
     Lair:6 |    5884 |   13641 |  69.9 |      20 |      31 |  60.8
   Shoals:1 |    6419 |       0 |   0.0 |      13 |       0 |   0.0
   Shoals:2 |   12662 |    5205 |  29.1 |      27 |      10 |  27.0
   Shoals:3 |   13750 |       0 |   0.0 |      33 |       0 |   0.0
   Shoals:4 |    6022 |   17175 |  74.0 |      17 |      28 |  62.2
    Snake:1 |    6612 |     543 |   7.6 |       9 |       3 |  25.0
    Snake:2 |   17677 |    7022 |  28.4 |      36 |      20 |  35.7
    Snake:3 |   14621 |       0 |   0.0 |      32 |       0 |   0.0
    Snake:4 |   20536 |   43529 |  67.9 |      41 |      64 |  61.0
      Orc:1 |    3772 |       0 |   0.0 |      32 |       0 |   0.0
      Orc:2 |    5608 |    9607 |  63.1 |      42 |      77 |  64.7
      Elf:1 |   14075 |   15412 |  52.3 |      21 |      24 |  53.3
      Elf:2 |   21996 |   26242 |  54.4 |      33 |      32 |  49.2
      Elf:3 |   11009 |    9815 |  47.1 |      16 |       9 |  36.0
    Abyss:3 |    7381 |       0 |   0.0 |      11 |       0 |   0.0
      IceCv |       0 |    5775 | 100.0 |       0 |      49 | 100.0
            +---------+---------+-------+---------+---------+-------
